 Dungeon Crawl Stone Soup version 0.23.2-33-g5129a83184 (webtiles) character file.

Game seed: 215285787180115263

154 troglodite the Charmwright (level 5, 0/43 HPs)
             Began as a Gnoll Skald on July 18, 2019.
             Killed from afar by an orc wizard (7 damage)
             ... with a magic dart
             ... on level 2 of the Dungeon.
             The game lasted 00:04:44 (1936 turns).

troglodite the Charmwright (Gnoll Skald)            Turns: 1936, Time: 00:04:45

Health: 0/43       AC:  6    Str: 13    XL:     5   Next: 36%
Magic:  3/12       EV: 13    Int: 17    God:
Gold:   82         SH:  4    Dex: 16    Spells: 7/14 levels left

rFire    . . .     SeeInvis +   a - +0 spear
rCold    . . .     Gourm    .   q - +0 buckler
rNeg     . . .     Faith    .   c - +0 ring mail
rPois    .         Spirit   .   r - +0 helmet
rElec    .         Reflect  .   (no cloak)
rCorr    .         Harm     .   (no gloves)
MR       .....                  (no boots)
Stlth    +.........             (no amulet)
HPRegen  1.14/turn              j - +2 ring of intelligence
MPRegen  0.13/turn              l - ring of see invisible

@: very slightly contaminated, regenerating
A: distributed training, fangs 1, strong nose
a: no special abilities


You were on level 2 of the Dungeon.
You were hungry.

You visited 1 branch of the dungeon, and saw 3 of its levels.

You collected 82 gold pieces.

Inventory:

Hand Weapons
 a - a +0 spear (weapon)
Armour
 c - a +0 ring mail (worn)
 q - a +0 buckler (worn)
 r - a +0 helmet (worn)
Jewellery
 j - a +2 ring of intelligence (left hand)
 l - a ring of see invisible (right hand)
Scrolls
 b - a scroll of immolation {unknown}
 g - a scroll of blinking {unknown}
 h - 2 scrolls of teleportation {unknown}
 i - a scroll of amnesia {unknown}
 k - a scroll of remove curse {unknown}
 m - a scroll of enchant weapon {unknown}
 n - a scroll of identify {unknown}
Potions
 e - a potion of brilliance {unknown}
 f - 2 potions of curing {unknown}
 o - a potion of degeneration {unknown}
 p - a potion of heal wounds {unknown}
 s - a potion of mutation {unknown}
Comestibles
 d - 5 rations


   Skills:
 + Level 4.7 Fighting
 + Level 1.4 Short Blades
 + Level 1.4 Long Blades
 + Level 1.4 Axes
 + Level 1.4 Maces & Flails
 + Level 4.7 Polearms
 + Level 1.4 Staves
 + Level 1.4 Slings
 + Level 1.4 Bows
 + Level 1.4 Crossbows
 + Level 1.4 Throwing
 + Level 2.9 Armour
 + Level 4.7 Dodging
 + Level 1.4 Stealth
 + Level 1.4 Shields
 + Level 1.4 Unarmed Combat
 + Level 5.2 Spellcasting
 + Level 1.1 Conjurations
 + Level 1.1 Hexes
 + Level 5.5 Charms
 + Level 1.1 Summonings
 + Level 1.1 Necromancy
 + Level 1.1 Translocations
 + Level 1.1 Transmutations
 + Level 1.1 Fire Magic
 + Level 1.1 Ice Magic
 + Level 1.1 Air Magic
 + Level 1.1 Earth Magic
 + Level 1.1 Poison Magic
 + Level 1.6 Invocations
 + Level 1.4 Evocations


You had 7 spell levels left.
You knew the following spells:

 Your Spells              Type           Power        Failure   Level  Hunger
a - Infusion              Chrm           ###.         4%          1    None
b - Spectral Weapon       Hex/Chrm       ###.....     30%         3    ###....
c - Regeneration          Chrm/Necr      ###.......   30%         3    ###....

Your spell library contained the following spells:

 Spells                   Type           Power        Failure   Level  Hunger
 Song of Slaying          Chrm           ###.....     6%          2    #......
 Shroud of Golubria       Chrm/Tloc      ###.......   16%         2    #......


Dungeon Overview and Level Annotations

Branches:
Dungeon (3/15)

Altars:
Fedhas
Gozag
Hepliaklqana
Sif Muna
Xom


Innate Abilities, Weirdness & Mutations

Your experience applies equally to all skills.
You have very sharp teeth.
Your uncanny sense of smell can sniff out nearby items.


Message History

The jackal barely misses you.
The orc hits your spectral weapon with a +0 flail.
Your spectral weapon fades away.
The jackal bites you but does no damage.
You climb upwards.
There is a stone staircase leading down here.
Casting: Regeneration (safe; 30% risk of failure)
Confirm with . or Enter, or press ? or * to list all spells.
Your skin crawls.
You are feeling hungry.
The orc wizard hits you but does no damage.
The jackal closely misses you.
Casting: Regeneration (safe; 30% risk of failure)
Confirm with . or Enter, or press ? or * to list all spells.
You miscast Spectral Weapon.
You are very lightly contaminated with residual magic.
Nothing appears to happen.
The jackal completely misses you.
The orc wizard points at you and mumbles some strange words.
The magic dart hits you!
You die...

#.# #.#.#..............#
#.#####...#....)...#####..
#.......###........# #.#
####.#### #....<...# #.#
#.# ########.# #.# #.#
#.#####.# #.# #.......#
#.###### ###.#####
#....o@# ########.#
######h# #..<.....# #.#
#.##.....#
#.###.##.##.######
#........##.# #...
#####.#####.# #.##
#.#####.# #.# #.......#
#.# ######### #.#


You could see an orc wizard and a jackal.

Vanquished Creatures
  An orc wizard (D:3)
  4 adders
  An ooze (D:1)
  A worm (D:2)
  6 dart slugs
  2 leopard geckos (D:1)
  6 orcs (D:3)
  A ball python (D:1)
  9 bats
  A giant cockroach (D:1)
  5 goblins
  5 hobgoblins
  7 jackals
  5 kobolds
  5 frilled lizards
  A quokka skeleton (D:2)
  8 rats
68 creatures vanquished.

Vanquished Creatures (others)
  3 spectral weapons (D:3)
3 creatures vanquished.

Grand Total: 71 creatures vanquished

Notes
Turn   | Place    | Note
-------+----------+-------------------------------------------
     0 | D:1      | troglodite the Gnoll Skald began the quest for the Orb.
     0 | D:1      | Reached XP level 1. HP: 20/20 MP: 6/6
    89 | D:1      | Reached XP level 2. HP: 26/26 MP: 7/7
   206 | D:1      | Reached XP level 3. HP: 31/31 MP: 9/9
   211 | D:1      | Learned a level 3 spell: Spectral Weapon
   215 | D:1      | Learned a level 3 spell: Regeneration
   272 | D:1      | Reached skill level 5 in Spellcasting
   578 | D:2      | Reached skill level 1 in Invocations
   666 | D:2      | Reached skill level 1 in Short Blades
   666 | D:2      | Reached skill level 1 in Long Blades
   666 | D:2      | Reached skill level 1 in Axes
   666 | D:2      | Reached skill level 1 in Maces & Flails
   666 | D:2      | Reached skill level 1 in Staves
   666 | D:2      | Reached skill level 1 in Slings
   666 | D:2      | Reached skill level 1 in Bows
   666 | D:2      | Reached skill level 1 in Crossbows
   666 | D:2      | Reached skill level 1 in Throwing
   666 | D:2      | Reached skill level 1 in Stealth
   666 | D:2      | Reached skill level 1 in Shields
   666 | D:2      | Reached skill level 1 in Unarmed Combat
   666 | D:2      | Reached skill level 1 in Evocations
   667 | D:2      | Reached XP level 4. HP: 18/38 MP: 4/11
  1379 | D:2      | Found a hazy altar of Hepliaklqana.
  1574 | D:3      | Found a shimmering altar of Xom.
  1574 | D:3      | Found a deep blue altar of Sif Muna.
  1575 | D:3      | Found a blossoming altar of Fedhas.
  1610 | D:3      | Reached skill level 1 in Conjurations
  1610 | D:3      | Reached skill level 1 in Hexes
  1610 | D:3      | Reached skill level 1 in Summonings
  1610 | D:3      | Reached skill level 1 in Necromancy
  1610 | D:3      | Reached skill level 1 in Translocations
  1610 | D:3      | Reached skill level 1 in Transmutations
  1610 | D:3      | Reached skill level 1 in Fire Magic
  1610 | D:3      | Reached skill level 1 in Ice Magic
  1610 | D:3      | Reached skill level 1 in Air Magic
  1610 | D:3      | Reached skill level 1 in Earth Magic
  1610 | D:3      | Reached skill level 1 in Poison Magic
  1637 | D:3      | Reached XP level 5. HP: 28/43 MP: 6/12
  1847 | D:3      | Found an opulent altar of Gozag.
  1936 | D:2      | Killed from afar by an orc wizard

Skill      XL: |  1  2  3  4 |
---------------+-------------+-----
Spellcasting   | 5 |  5.2
Invocations    | 1 |  1.6
Short Blades   | 1 |  1.4
Long Blades    | 1 |  1.4
Axes           | 1 |  1.4
Maces & Flails | 1 |  1.4
Staves         | 1 |  1.4
Slings         | 1 |  1.4
Bows           | 1 |  1.4
Crossbows      | 1 |  1.4
Throwing       | 1 |  1.4
Stealth        | 1 |  1.4
Shields        | 1 |  1.4
Unarmed Combat | 1 |  1.4
Evocations     | 1 |  1.4
Conjurations   | 1 |  1.1
Hexes          | 1 |  1.1
Summonings     | 1 |  1.1
Necromancy     | 1 |  1.1
Translocations | 1 |  1.1
Transmutations | 1 |  1.1
Fire Magic     | 1 |  1.1
Ice Magic      | 1 |  1.1
Air Magic      | 1 |  1.1
Earth Magic    | 1 |  1.1
Poison Magic   | 1 |  1.1
Fighting       | |  4.7
Polearms       | |  4.7
Armour         | |  2.9
Dodging        | |  4.7
Charms         | |  5.5

Action                   |  1- 3 |  4- 6 || total
-------------------------+-------+-------++-------
Melee: Spear             |   114 |   131 ||   245
       Bite              |    14 |    15 ||    29
 Cast: Spectral Weapon   |     2 |     4 ||     6
       Regeneration      |     1 |     4 ||     5
 Stab: Distracted        |       |     1 ||     1
  Eat: Chunk             |       |     4 ||     4
Armor: Ring mail         |    27 |    38 ||    65
Dodge: Dodged            |    55 |    86 ||   141
Block: Buckler           |       |    16 ||    16
